 Dungeon Sprint DCSS version 0.27-a0-637-g3a9f0a9c12 (webtiles) character file.

Game seed: 15348352771939765162

46100 mhtbhm the Severer (level 14, 0/156 HPs)
             Began as a Gargoyle Fighter on Mar 14, 2021.
             Was the Champion of Trog.
             Splashed by Fiutum the pandemonium lord's acid (13 damage)
             ... in the Dungeon (Sprint VII: "The Pits").
             The game lasted 00:09:31 (4008 turns).

mhtbhm the Severer (Gargoyle Fighter)               Turns: 4008, Time: 00:09:32

Health: 0/156      AC: 25    Str: 25    XL:     14   Next: 36%
Magic:  14/14      EV:  9    Int:  9    God:    Trog [******]
Gold:   45         SH: 25    Dex:  9    Spells: 13/13 levels left

rFire    + + +     SeeInvis +   a - +6 broad axe "Furitato" {vorpal, *Contam rElec rF+++ Stlth+}
rCold    + . .     Faith    .   c - +2 tower shield {rPois}
rNeg     + . .     Spirit   .   b - +2 gold dragon scales
rPois    ∞         Reflect  .   F - +1 helmet
rElec    +         Harm     .   D - +1 cloak
rCorr    .         Rampage  .   E - +1 pair of gloves
Will     +++..     NoTele   +   C - +2 pair of boots {Fly}
Stlth    ..........             (no amulet)
HPRegen  1.36/turn              m - +3 ring of evasion
MPRegen  0.14/turn              x - ring of see invisible

@: berserking, corroded, flying, regenerating, studying 2 skills, very quick
A: AC +10, big wings, negative energy resistance 1, electricity resistance,
torment resistance 1, unbreathing 1, petrification resistance
a: Stop Flying, Renounce Religion, Berserk, Trog's Hand, Brothers in Arms


You were in the Dungeon.
You worshipped Trog.
Trog was exalted by your worship.
You visited 1 branch You collected 45 gold pieces.

Inventory:

Hand Weapons
 a - the +6 broad axe "Furitato" (weapon) {vorpal, *Contam rElec rF+++ Stlth+}
   (Trog gifted it to you in the Dungeon)

   It inflicts extra damage upon your enemies.
   It renders you almost immune to fire.
   It insulates you from electricity.
   It causes magical contamination when unequipped.
   It makes you more stealthy.
 B - the +10 morningstar of Greed {holy, rC+ Will- Str+2}
   (You found it in the Dungeon)

   It has been blessed by the Shining One to cause great damage to the undead
   and demons.
   It affects your strength (+2).
   It protects you from cold.
   It affects your willpower, your defense against some magical effects.
Armour
 b - +2 gold dragon scales (worn)
 c - a +2 tower shield of poison resistance (worn)
 C - a +2 pair of boots of flying (worn)
 D - a +1 cloak (worn)
 E - a +1 pair of gloves (worn)
 F - a +1 helmet (worn)
Jewellery
 m - a +3 ring of evasion (right hand)
 x - a ring of see invisible (left hand)
Wands
 p - a wand of polymorph (9) (quivered)
 r - a wand of flame (18)
Scrolls
 j - 2 scrolls of blinking
 l - a scroll of summoning
 s - 3 scrolls of identify
 t - 3 scrolls of enchant weapon
 u - 2 scrolls of fog
 v - 2 scrolls of enchant armour
 w - a scroll of fear
 A - a scroll of immolation
Potions
 d - 3 potions of might
 e - 8 potions of curing
 f - 18 potions of heal wounds
 g - a potion of haste
 h - 4 potions of magic
 i - 5 potions of berserk rage
 k - a potion of invisibility
 o - a potion of mutation
Miscellaneous
 n - a phantom mirror
 y - a phial of floods
 z - a tin of tremorstones (2/2)


   Skills:
 + Level 18.0 Fighting
 + Level 20.4 Axes
 + Level 17.0 Armour
 + Level 5.1 Dodging
 + Level 7.0 Stealth
 + Level 19.6 Shields
 + Level 3.7 Evocations


You had 13 spell levels left.
You didn't know any spells.
Your spell library was empty.

Dungeon Overview and Level Annotations

Branches:
Dungeon (1/1)

Altars:
Ashenzari
Cheibriados
Dithmenos
Elyvilon
Fedhas
Gozag
Hepliaklqana
Kikubaaqudgha
Makhleb
Nemelex Xobeh
Okawaru
Qazlal
Ru
Sif Muna
Trog
Uskayaw
Vehumet
Wu Jian
Xom
Yredelemnul
Zin
The Shining One
Beogh
Jiyva
Lugonu


Innate Abilities, Weirdness & Mutations

Your stone body is resilient. (AC +10)
You are immune to poison.
Your large and strong wings let you fly indefinitely.
You resist negative energy. (rN+)
You are resistant to electric shocks. (rElec)
You are resistant to unholy torment.
You can survive without breathing.
You are immune to petrification.


Message History

You are engulfed in acidic fog.
The acid corrodes you!
You are splashed with acid!
Unknown command.
You barely miss Fiutum.
Fiutum is lightly wounded.
You are engulfed in acidic fog.
You are splashed with acid!
You block Fiutum's attack.
You hit Fiutum but do no damage.
Fiutum is lightly wounded.
You are engulfed in acidic fog.
You are splashed with acid!
You block Fiutum's attack.
Unknown command.
You hit Fiutum.
Fiutum is lightly wounded.
Unknown command.
You closely miss Fiutum.
Fiutum is lightly wounded.
You block Fiutum's attack.
Unknown command.
Unknown command.
You hit Fiutum.
Fiutum is lightly wounded.
You are engulfed in acidic fog.
The acid corrodes you!
You are splashed with acid!
* * * LOW HITPOINT WARNING * * *
You block Fiutum's attack.
Unknown command.
You hit Fiutum.
Fiutum is lightly wounded.
You are engulfed in acidic fog.
The acid corrodes you!
You are splashed with acid!
* * * LOW HITPOINT WARNING * * *
x2 Fiutum hits you!
* * * LOW HITPOINT WARNING * * *
Fiutum corrodes you!
You hit Fiutum but do no damage.
Fiutum is lightly wounded.
You are engulfed in acidic fog.
The acid corrodes you!
You are splashed with acid!
You die...

#+# #°# #&# #@#
#(# #.# #'#
################'#
....))...........#
...))).....).....#
'##############..#
...#.[[[#.[#[[#.)#


You could see Fiutum (clouds).

Vanquished Creatures
  A Brimstone Fiend (D)
  Frances (D)
  A death cob (D)
  A nagaraja (D)
  A ghost moth (D)
  An angel (D)
  A spriggan defender (D)
  A stone giant (D)
  A blizzard demon (D)
  An eidolon (D)
  A fire dragon (D)
  A deep elf high priest (D)
  A hydra (D)
  A vault guard (D)
  A naga warrior (D)
  2 death yaks (D)
  A vampire mage (D)
  2 deep elf knights (D)
  2 sixfirhies (D)
  A sea snake (D)
  2 deep trolls (D)
  A deep elf zephyrmancer (D)
  4 orc knights (D)
  2 manticores (D)
  A black mamba (D)
  2 molten gargoyles (D)
  2 orange demons (D)
  An efreet (D)
  A red devil (D)
  A freezing wraith (D)
  A komodo dragon (D)
  A guardian mummy (D)
  A demonic crawler (D)
  2 jumping spiders (D)
  3 hornets (D)
  11 dream sheep (D)
  2 spriggans (D)
  A shadow (D)
  2 water elementals (D)
  A tarantella (D)
  A wraith (D)
  2 vampire mosquitoes (D)
  A warg (D)
  A naga (D)
  A floating eye (D)
  An orc warrior (D)
  A sky beast (D)
  An ice beast (D)
  2 ogres (D)
  A wolf (D)
  A necrophage (D)
  3 centaurs (D)
  A small abomination (D)
  A phantom (D)
  Blork the orc (D)
  3 killer bees (D)
  2 orc priests (D)
  An iron imp (D)
  A gnoll shaman (D)
  An iguana (D)
  2 orc wizards (D)
  A worker ant (D)
  A hell rat (D)
  A river rat (D)
  6 gnolls (D)
  A white imp (D)
  An adder skeleton (D)
  A leopard gecko (D)
  3 orcs (D)
  2 bats (D)
  3 giant cockroaches (D)
  A hobgoblin (D)
  A quokka (D)
  A ball python (D)
  3 kobolds (D)
120 creatures vanquished.

Vanquished Creatures (collateral kills)
  A profane servitor (D)
  A death cob (D)
  A frost giant (D)
  2 orc warlords (D)
  A red draconian (D)
  A dire elephant (D)
  A yaktaur captain (D)
  A vault guard (D)
  A catoblepas (D)
  3 naga warriors (D)
  A death knight (D)
  A deep elf knight (D)
  A spriggan druid (D)
  2 swamp dragons (D)
  A naga ritualist (D)
  5 orc knights (D)
  A black mamba (D)
  A naga mage (D)
  A rime drake (D)
  A komodo dragon (D)
  A guardian mummy (D)
  A tyrant leech (D)
  A large abomination (D)
  A water elemental (D)
  A spriggan (D)
  A ynoxinul (D)
  A swamp drake (D)
  An ice beast (D)
  An earth elemental (D)
  4 killer bees (D)
  A bat skeleton (D)
  A bat zombie (D)
43 creatures vanquished.

Vanquished Creatures (others)
  An adder simulacrum (D)
  An orc (D)
2 creatures vanquished.

Grand Total: 165 creatures vanquished

Notes
Turn   | Place    | Note
-------+----------+-------------------------------------------
     0 | D        | mhtbhm the Gargoyle Fighter began the quest for the Orb.
     0 | D        | Reached XP level 1. HP: 14/14 MP: 1/1
    17 | D        | Reached skill level 2 in Axes
    17 | D        | Reached XP level 2. HP: 12/20 MP: 2/2
    21 | D        | Found a bloodstained altar of Trog.
    21 | D        | Found a shimmering blue altar of Sif Muna.
    21 | D        | Found a viscous altar of Jiyva.
    21 | D        | Found a hazy altar of Hepliaklqana.
    21 | D        | Found an opulent altar of Gozag.
    22 | D        | Found a glowing golden altar of the Shining One.
    22 | D        | Found a glowing silver altar of Zin.
    22 | D        | Found a shimmering altar of Xom.
    22 | D        | Found an ornate altar of the Wu Jian Council.
    22 | D        | Found a sacrificial altar of Ru.
    22 | D        | Found a stormy altar of Qazlal.
    22 | D        | Found an iron altar of Okawaru.
    22 | D        | Found a sparkling altar of Nemelex Xobeh.
    22 | D        | Found a burning altar of Makhleb.
    22 | D        | Found a blossoming altar of Fedhas.
    22 | D        | Found a white marble altar of Elyvilon.
    22 | D        | Found a shadowy altar of Dithmenos.
    22 | D        | Found a snail-covered altar of Cheibriados.
    25 | D        | Found a corrupted altar of Lugonu.
    25 | D        | Found a radiant altar of Vehumet.
    26 | D        | Became a worshipper of Trog the Wrathful
   226 | D        | Reached * piety under Trog
   236 | D        | Reached skill level 5 in Armour
   236 | D        | Reached XP level 3. HP: 16/25 MP: 3/3
   364 | D        | Reached ** piety under Trog
   365 | D        | Reached skill level 5 in Shields
   371 | D        | Reached skill level 5 in Fighting
   436 | D        | Noticed a phantom
   437 | D        | Noticed a sky beast
   438 | D        | Noticed an ogre
   440 | D        | Killed a sky beast
   440 | D        | Reached *** piety under Trog
   441 | D        | Reached skill level 3 in Axes
   441 | D        | Reached XP level 4. HP: 32/32 MP: 4/4
   441 | D        | Reached XP level 5. HP: 36/36 MP: 5/5
   441 | D        | Killed a phantom
   442 | D        | Reached skill level 4 in Axes
   442 | D        | Reached skill level 1 in Dodging
   444 | D        | Noticed a wolf
   445 | D        | Killed an ogre
   446 | D        | Reached XP level 6. HP: 44/44 MP: 6/6
   448 | D        | Reached **** piety under Trog
   451 | D        | Reached skill level 5 in Axes
   454 | D        | Reached XP level 7. HP: 43/49 MP: 7/7
   462 | D        | Reached ***** piety under Trog
   529 | D        | Noticed a water elemental
   539 | D        | Killed a water elemental
   540 | D        | Reached skill level 6 in Axes
   540 | D        | Reached skill level 10 in Shields
   542 | D        | Noticed Blork the orc
   546 | D        | Reached skill level 10 in Armour
   554 | D        | Killed Blork the orc
   675 | D        | Noticed a warg
   679 | D        | Received a gift from Trog
   680 | D        | Reached skill level 7 in Axes
   680 | D        | Reached XP level 8. HP: 56/56 MP: 8/8
   684 | D        | Reached ****** piety under Trog
   796 | D        | Found a hide-covered altar of Uskayaw.
   796 | D        | Found an ancient bone altar of Kikubaaqudgha.
   796 | D        | Found a broken altar of Ashenzari.
   822 | D        | Noticed a freezing wraith
   832 | D        | Reached skill level 8 in Axes
   835 | D        | Received a gift from Trog
   837 | D        | Killed a freezing wraith
   838 | D        | Reached skill level 10 in Fighting
   838 | D        | Reached skill level 9 in Axes
  1048 | D        | Noticed a hornet
  1048 | D        | Noticed a deep troll
  1048 | D        | Noticed a black mamba
  1048 | D        | Noticed a red devil
  1055 | D        | Killed a hornet
  1056 | D        | Reached XP level 9. HP: 33/62 MP: 9/9
  1058 | D        | Killed a deep troll
  1059 | D        | Reached skill level 10 in Axes
  1062 | D        | Killed a black mamba
  1063 | D        | Reached skill level 11 in Axes
  1080 | D        | Killed a red devil
  1080 | D        | Identified the +6 broad axe "Furitato" {vorpal, *Contam
                  | rElec rF+++ Stlth+} (Trog gifted it to you in the Dungeon)
  1080 | D        | Received a gift from Trog
  1287 | D        | Noticed a deep troll
  1288 | D        | Noticed an orange demon
  1288 | D        | Noticed a jumping spider
  1288 | D        | Noticed a death yak
  1293 | D        | Killed a deep troll
  1294 | D        | Reached XP level 10. HP: 70/70 MP: 10/10
  1298 | D        | Killed a death yak
  1299 | D        | Reached skill level 12 in Axes
  1313 | D        | Killed an orange demon
  1468 | D        | Noticed a sea snake
  1472 | D        | Received a gift from Trog
  1474 | D        | Killed a sea snake
  1475 | D        | Reached skill level 13 in Axes
  1518 | D        | Noticed an eidolon
  1530 | D        | Killed an eidolon
  1549 | D        | Noticed a manticore
  1554 | D        | Killed a manticore
  1554 | D        | Received a gift from Trog
  1555 | D        | Reached XP level 11. HP: 76/76 MP: 11/11
  1557 | D        | Noticed a spriggan rider
  1571 | D        | Reached skill level 14 in Axes
  1803 | D        | Received a gift from Trog
  1813 | D        | Killed a ghost moth
  1813 | D        | Received a gift from Trog
  2085 | D        | Noticed a sixfirhy
  2085 | D        | Noticed a deep elf high priest
  2085 | D        | Noticed a frost giant
  2085 | D        | Noticed a nagaraja
  2088 | D        | Killed a frost giant
  2089 | D        | Reached skill level 15 in Axes
  2089 | D        | Reached skill level 1 in Stealth
  2090 | D        | Killed a sixfirhy
  2091 | D        | Reached skill level 15 in Shields
  2094 | D        | Killed a deep elf high priest
  2094 | D        | Received a gift from Trog
  2099 | D        | Killed a nagaraja
  2100 | D        | Reached skill level 16 in Axes
  2100 | D        | Reached XP level 12. HP: 84/84 MP: 12/12
  2158 | D        | Noticed an angel
  2175 | D        | Killed an angel
  2245 | D        | Noticed a death yak
  2253 | D        | Killed a death yak
  2253 | D        | Received a gift from Trog
  2399 | D        | Noticed a fire dragon
  2413 | D        | Killed a fire dragon
  2603 | D        | Reached skill level 17 in Axes
  2608 | D        | Received a gift from Trog
  2609 | D        | Reached skill level 1 in Evocations
  2728 | D        | Received a gift from Trog
  2734 | D        | Reached skill level 15 in Fighting
  2749 | D        | Identified the +7 spear of Currency {vorpal, rElec rN+
                  | Dex+4} (Trog gifted it to you in the Dungeon)
  2749 | D        | Received a gift from Trog
  2887 | D        | Noticed a death cob
  2892 | D        | Killed a death cob
  2892 | D        | Noticed a four-headed hydra
  2895 | D        | Killed a seven-headed hydra
  2895 | D        | Noticed a spriggan defender
  2896 | D        | Reached skill level 18 in Axes
  2907 | D        | Killed a spriggan defender
  2908 | D        | Reached XP level 13. HP: 52/93 MP: 13/13
  2915 | D        | Received a gift from Trog
  2922 | D        | Noticed a profane servitor
  2927 | D        | Killed a profane servitor
  2928 | D        | Reached skill level 15 in Armour
  2930 | D        | Noticed Frances
  2934 | D        | Noticed a red draconian
  2942 | D        | Killed Frances
  2943 | D        | Identified the +8 spear "Cettuleg" {freeze, Will+}
  2944 | D        | Received a gift from Trog
  2950 | D        | Killed a red draconian
  2953 | D        | Reached skill level 19 in Axes
  2956 | D        | Received a gift from Trog
  2960 | D        | Noticed a dire elephant
  2969 | D        | Killed a dire elephant
  2973 | D        | Received a gift from Trog
  2995 | D        | Noticed a death cob
  2997 | D        | Killed a death cob
  3011 | D        | Received a gift from Trog
  3370 | D        | Noticed an orc warlord
  3370 | D        | Noticed an orc warlord
  3388 | D        | Received a gift from Trog
  3389 | D        | Noticed a vault guard
  3391 | D        | Killed an orc warlord
  3397 | D        | Killed an orc warlord
  3398 | D        | Noticed a blizzard demon
  3399 | D        | Gained mutation: Your large and strong wings let you fly
                  | indefinitely. [Gargoyle growth]
  3399 | D        | Reached XP level 14. HP: 65/102 MP: 14/14
  3408 | D        | Identified the +8 hand axe of Fixation {vorpal, rElec
                  | Dex+4} (Trog gifted it to you in the Dungeon)
  3408 | D        | Received a gift from Trog
  3409 | D        | Reached skill level 5 in Dodging
  3416 | D        | Reached skill level 20 in Axes
  3419 | D        | Received a gift from Trog
  3420 | D        | Reached skill level 5 in Stealth
  3513 | D        | Got the +10 morningstar of Greed {holy, rC+ Will- Str+2}
  3737 | D        | Noticed a Brimstone Fiend
  3747 | D        | Killed a Brimstone Fiend
  3936 | D        | Noticed a stone giant
  3941 | D        | Killed a stone giant
  3996 | D        | Noticed Fiutum the pandemonium lord
  4008 | D        | Splashed by Fiutum the pandemonium lord's acid

Illustrated notes

Levels and vault maps discovered:
D:        pitsprint [storerooms_1, entrance_room_1, metal_vault_3, armoury_1,
          mini_pit_1, grid_room_1, main_hall_1, silver_pit, the_coven_1,
          the_vestibule_1, steel_vault_2, golden_pit, hallway_of_sentries,
          crystal_vault_6, iron_vault_4, final_vault]

Skill      XL: |  1  2  3  4  5  6  7  8  9 10 11 12 13 14 |
---------------+-------------------------------------------+-----
Fighting       | 4 6 7 8 9 10 11 12 13 15 17 18 | 18.0
Axes           | 2 3 4 5 7 9 11 13 16 18 19 20 | 20.4
Armour         | 4 5 6 8 9 10 11 13 14 16 17 | 17.0
Shields        | 4 6 8 9 10 11 12 13 15 16 18 19 | 19.6
Dodging        | 1 2 3 4 5 |  5.1
Stealth        | 1 3 7 |  7.0
Evocations     | 3 |  3.7

Action                   |  1- 3 |  4- 6 |  7- 9 | 10-12 | 13-15 || total
-------------------------+-------+-------+-------+-------+-------++-------
Melee: War axe           |     4 |       |    26 |       |       ||    30
       Hand axe          |    24 |    12 |    54 |       |       ||    90
       Broad axe         |       |       |     4 |   162 |   119 ||   285
Invok: Berserk           |     1 |       |     4 |     5 |     6 ||    16
       Brothers in Arms  |       |       |       |     1 |     7 ||     8
       Trog's Hand       |       |       |       |       |     2 ||     2
Evoke: Wand              |       |       |       |     7 |       ||     7
       Phantom mirror    |       |       |       |       |     1 ||     1
  Use: Potion            |       |       |     2 |       |     5 ||     7
 Stab: Invisible         |       |       |       |       |     4 ||     4
       Confused          |       |       |       |       |     1 ||     1
       Distracted        |       |       |       |       |     1 ||     1
Armor: Scale mail        |    22 |       |       |       |       ||    22
       Chain mail        |     3 |     8 |    22 |       |       ||    33
       Plate armour      |       |       |    26 |    96 |    41 ||   163
       Gold dragon scale |       |       |       |       |     9 ||     9
Dodge: Dodged            |     8 |     3 |    30 |    57 |    35 ||   133
Block: Kite shield       |    23 |    12 |    54 |   126 |    53 ||   268
       Tower shield      |       |       |       |       |    14 ||    14

Table legend: (Time is in decaauts)
 A = Elapsed time spent in this place.
 B = Non-inter-level travel time spent in this place.
 C = Inter-level travel time spent in this place.
 D = Time resting spent in this place.
 E = Time spent auto-exploring this place.
 F = Levels seen in this place.
 G = Mean time per level.
                   A        B        C        D        E       F      G
               +--------+--------+--------+--------+--------+-----+--------+
         Total |   4094 |   4094 |      0 |   2298 |    116 |   1 | 4094.0 |
       Dungeon |   4094 |   4094 |      0 |   2298 |    116 |   1 | 4094.0 |
               +--------+--------+--------+--------+--------+-----+--------+

Top non-repeatable levels by time:
       D: 4094 daAuts
